 Dungeon Crawl Stone Soup version 0.19-a0-1511-g16f215b (webtiles) character file.

520473 inmateoo the Fencer (level 25, -9/140 HPs)
             Began as a Vine Stalker Fighter on Sept 11, 2016.
             Was the Champion of Okawaru.
             Killed from afar by a storm dragon (30 damage)
             ... with a bolt of lightning
             ... on level 5 of the Vaults.
             The game lasted 01:56:18 (44349 turns).

inmateoo the Fencer (Vine Stalker Fighter)         Turns: 44349, Time: 01:56:19

Health: -9/140     AC: 45    Str: 21    XL:     25   Next: 86%
Magic:  0/42       EV: 24    Int: 10    God:    Okawaru [******]
Gold:   4185       SH: 16    Dex: 22    Spells: 10 memorised, 6 levels left

rFire  + + +     SeeInvis +     s - +9 demon blade of Naaw {elec, rF+}
rCold  + + .     Gourm    .     e - +9 armour of the Dragon King {rPois rF+ rC+ MR+}
rNeg   + + .     Faith    .     P - +0 shield {rN+}
rPois  +         Spirit   +     N - +1 hat "Xeuczeto" {SInv}
rElec  .         Dismiss  .     G - +2 cloak {MR+}
rCorr  .         Reflect  .     Q - +0 pair of gloves of Mysticism {rC+}
MR     +++++     Harm     .     S - +2 pair of boots
Stlth  ..........               n - amulet of rage
                                X - ring of positive energy
                                I - ring of Shaolin {EV+8}

@: heroism, finesse, very slightly contaminated, repel missiles, drained
A: fangs 3, talons 1, rugged brown scales 1, thin metallic scales 1, clever 1,
fire resistance 1, poison resistance, regeneration 2, weak 1, magic shield,
antimagic bite, no device heal 3, rot immunity
a: Heroism, Finesse, Renounce Religion, Evoke Berserk Rage
}: 2/15 runes: serpentine, barnacled


You were on level 5 of the Vaults.
You worshipped Okawaru.
Okawaru was exalted by your worship.
You were not hungry.

You visited 9 branches of the dungeon, and saw 45 of its levels.
You visited the Abyss 1 time.
You visited 1 bazaar.
You also visited: Bailey, Ice Cave and Wizlab.

You collected 6418 gold pieces.
You spent 2233 gold pieces at shops.

Inventory:

Hand Weapons
 s - the +9 demon blade of Naaw (weapon) {elec, rF+}
   (Okawaru gifted it to you on level 15 of the Dungeon)

   Occasionally, upon striking a foe, it will discharge some electrical energy
   and cause terrible harm.
   It protects you from fire.
 x - the +10 morningstar "Eos" {elec, Halo rElec}
   (You took it off an orc warlord on level 15 of the Dungeon)

   Occasionally, upon striking a foe, it will discharge some electrical energy
   and cause terrible harm.
   It insulates you from electricity.
 K - the +7 double sword "Ugriamp" {flame, MR+}
   (Okawaru gifted it to you on level 1 of the Elven Halls)

   It has been specially enchanted to burn those struck by it, causing extra
   injury to most foes and up to half again as much damage against particularly
   susceptible opponents.
   Big, fiery blades are also staple armaments of hydra-hunters.
   It affects your resistance to hostile enchantments.
Armour
 e - the +9 armour of the Dragon King (worn) {rPois rF+ rC+ MR+}
   (You found it in a wizard's laboratory)

   It protects you from fire.
   It protects you from cold.
   It protects you from poison.
   It affects your resistance to hostile enchantments.
 G - a +2 cloak of magic resistance (worn)
 N - the +1 hat "Xeuczeto" (worn) {SInv}
   (You found it in a wizard's laboratory)

   It lets you see invisible.
 P - a +0 shield of positive energy (worn)
 Q - the +0 pair of gloves of Mysticism (worn) {rC+}
   (You bought it in a shop in a bazaar)

   It protects you from cold.
 S - a +2 pair of boots (worn)
Jewellery
 h - an uncursed ring of flight
 n - an amulet of rage (around neck)
 E - an uncursed ring of resist corrosion
 H - a +5 ring of evasion
 I - the ring of Shaolin (left hand) {EV+8}
   (You found it on level 8 of the Dungeon)

   [ring of evasion]

   It affects your evasion (+8).
 X - a ring of positive energy (right hand)
Wands
 u - a wand of heal wounds (5/9)
 w - a wand of disintegration (13/24)
 B - a wand of hasting (4/9)
 R - a wand of teleportation (2/9)
 Z - a wand of digging (14/24)
Scrolls
 c - a scroll of silence
 g - 6 scrolls of enchant weapon
 l - 30 scrolls of remove curse
 p - 7 scrolls of amnesia
 r - 7 scrolls of recharging
 v - 3 scrolls of holy word
 y - 14 scrolls of teleportation
 C - 5 scrolls of magic mapping
 F - 8 scrolls of identify
 M - 3 scrolls of blinking
 U - 2 scrolls of enchant armour
 V - 7 scrolls of fog
 Y - 2 scrolls of fear
Potions
 a - 3 potions of flight
 b - 2 potions of magic
 d - 8 potions of might
 i - 7 potions of ambrosia
 j - 7 potions of berserk rage
 k - 7 potions of brilliance
 m - 8 potions of lignification
 o - 8 potions of haste
 q - 25 potions of curing
 A - 6 potions of agility
 D - 5 potions of cure mutation
 J - 2 potions of resistance
 O - a potion of beneficial mutation
 T - 4 potions of invisibility
 W - 4 potions of cancellation
Comestibles
 f - 24 bread rations
 t - 11 meat rations
 z - 5 fruits


   Skills:
 + Level 15.5(20.3) Fighting
 * Level 20.3(25.0) Long Blades
 + Level 14.3(19.1) Armour
 + Level 13.8(18.6) Dodging
 + Level 12.7(17.4) Shields
 + Level 14.5(14.3) Spellcasting
 + Level 10.0(9.9) Charms
 * Level 10.8(10.6) Translocations
 - Level 8.0(7.8) Air Magic
 - Level 7.8(7.6) Invocations
 - Level 7.1(6.9) Evocations


You had 6 spell levels left.
You knew the following spells:

 Your Spells              Type           Power        Failure   Level  Hunger
a - Repel Missiles        Chrm/Air       ###...       12%         2    None
b - Lightning Bolt        Conj/Air       ###.......   100%        5    #####..
c - Tornado               Air            ###.......   100%        9    #######
d - Deflect Missiles      Chrm/Air       ###.......   100%        6    ######.
e - Haste                 Chrm           ####....     100%        6    ######.
f - Passwall              Tmut/Erth      #.........   100%        2    None
g - Lee's Rapid Deconstr  Erth           #.........   100%        5    #####..
h - Controlled Blink      Tloc           N/A          100%        8    #######
i - Apportation           Tloc           ####......   3%          1    None
j - Regeneration          Chrm/Necr      ###.......   86%         3    #......


Dungeon Overview and Level Annotations

Branches:
Dungeon (15/15)            Temple (1/1) D:6            Lair (6/6) D:11
 Shoals (4/4) Lair:3        Snake (4/4) Lair:2        Slime (0/5) Lair:5
    Orc (2/2) D:9             Elf (3/3) Orc:2        Vaults (5/5) D:14
  Crypt (0/3) Vaults:3     Depths (5/5) D:15            Zot (0/5) Depths:5

Altars:
Ashenzari
Cheibriados
Dithmenos
Elyvilon
Fedhas
Gozag
Hepliaklqana
Kikubaaqudgha
Makhleb
Nemelex Xobeh
Okawaru
Qazlal
Ru
Sif Muna
Trog
Uskayaw
Vehumet
Xom
Yredelemnul
Zin
The Shining One
Beogh
Jiyva

Shops:
D:7 (   Orc:2 ?(*=[   Elf:1 (   Shoals:1 :   Snake:3 }   Snake:4 (   Vaults:2 [
Vaults:4 %   Depths:1 :

Portals:
Hell: Depths:1 Depths:2 Depths:3 Depths:4 Depths:5
Abyss: Depths:4
Pandemonium: Depths:3
Ziggurat: Depths:2

Annotations:
Elf:2 3 runed doors


Innate Abilities, Weirdness & Mutations

You have razor-sharp teeth.
You heal very quickly.
When hurt, damage is shared between your health and your magic reserves.
Your bite disrupts and absorbs the magic of your enemies.
Potions and wands cannot restore your health.
You are immune to rotting.
You have sharp toenails.
You are partially covered in rugged brown scales. (AC +1, +3% HP)
You are partially covered in thin metallic scales. (AC +2)
Your mind is acute. (Int +2)
Your flesh is heat resistant. (rF+)
Your system is resistant to poisons. (rPois)
You are weak. (Str -2)


Message History

Unknown command.
Unknown command.
Unknown command.
You hit the ancient lich. Your bite misses the ancient lich.
The ancient lich is almost destroyed.
The Executioner completely misses you.
You riposte.
You closely miss the Executioner.
You bite the Executioner, but do no damage.
The Executioner completely misses you. You block the Executioner's attack.
The vault warden hits you with a war axe!!
* * * LOW HITPOINT WARNING * * *
Unknown command.
Unknown command.
Blink to where?
Press: ? - help, Dir - move target cursor You are very lightly contaminated with residual magic.
As you read the scroll of blinking, it crumbles to dust.
The storm dragon breathes lightning at you.
The bolt of lightning hits you!
You die...

.. ..........# ..
......*QC# ..
.....DCC.# # ### ## ###
####.p1C#
###.###.###.###.#..CpL#
.#...#...#...#.....#..#
.)...............(##..#
.............#.....#..#
............###.@.##..#
.#......#..## ##.###..#
###....###..###...##..#
# ##..##)##..#.....#..#
###..##.[.##......##
.#..##=:?##......##
...##).(.#..^.....##
..##[......#......(#
.##.).....###.....##


You could see a titan, a storm dragon, a fire giant, 2 stone giants, a vault
warden, a tengu reaver, an Executioner and a battlesphere.

Vanquished Creatures
  2 ancient liches
  A juggernaut (Depths:4)
  Saint Roka (Elf:3)
  4 caustic shrikes (Depths:4)
  2 golden dragons
  Nikola (Elf:3)
  Jory (Vaults:3)
  Jorgrun (Elf:3)
  An electric golem (WizLab)
  Rupert (D:15)
  3 liches (Depths:2)
  The ghost of Roxy the Fencer, an adept FoFi of Okawaru (Shoals:4)
  A quicksilver dragon (Depths:4)
  2 titans
  3 deep elf blademasters (Elf:3)
  A deep elf master archer (Elf:3)
  2 storm dragons
  Kirke (D:14)
  3 sphinxes
  10 tengu reavers
  Donald (Orc:2)
  Roxanne (Elf:2)
  19 greater nagas
  Ilsuiw (Shoals:4)
  2 iron dragons (Depths:4)
  2 orc warlords
  The ghost of UnlimitedFusion the Zephyrmancer, an adept HEAE of Qazlal (Shoals:4)
  14 fire giants
  10 frost giants
  7 vault wardens
  A draconian zealot (Depths:5)
  10 deep elf sorcerers
  Louise (Elf:3)
  A draconian scorcher (Depths:5)
  6 ironheart preservers
  9 deep elf elementalists
  Aizul (Snake:4)
  14 very ugly things
  4 war gargoyles (WizLab)
  15 stone giants
  The ghost of crawlian the Devastator, a journeyman DECj of Sif Muna (Shoals:4)
  A draconian annihilator (Depths:5)
  4 vampire knights
  4 entropy weavers
  6 deep elf demonologists
  A large abomination (Elf:3)
  A green draconian (Depths:5)
  2 mottled draconians (Depths:5)
  A white draconian (Depths:5)
  A black draconian (Depths:5)
  2 spark wasps (Depths:3)
  8 deep elf annihilators
  9 deep elf death magi
  7 merfolk impalers
  A blizzard demon (IceCv)
  A crystal guardian (WizLab)
  9 ettins
  6 deep elf high priests
  9 fire dragons
  4 merfolk javelineers (Shoals:4)
  3 jiangshi (Depths:4)
  6 great orbs of eyes
  20 yaktaur captains
  25 naga warriors
  25 vault guards
  10 hydras
  7 rakshasas
  11 ice dragons
  4 merfolk avatars
  4 merfolk aquamancers
  3 spriggan air magi
  12 centaur warriors
  A satyr (Shoals:4)
  3 death knights
  6 deep troll shamans
  28 anacondas
  4 alligator snapping turtles
  15 ogre magi
  14 naga sharpshooters
  4 tengu warriors
  6 vampire magi
  20 dancing weapons
  4 orc high priests
  4 deep troll earth magi
  2 spriggan berserkers (Depths:4)
  10 shock serpents
  Nergalle (Orc:2)
  An iron troll (Depths:2)
  Urug (Lair:3)
  A sixfirhy (Abyss:2)
  4 salamander mystics
  4 skeletal warriors (Vaults:1)
  16 deep elf knights
  A soul eater (Vaults:3)
  An iron golem (WizLab)
  A death drake (shapeshifter) (Depths:1)
  9 wizards
  26 deep trolls
  16 naga ritualists
  A sea snake (shapeshifter) (Depths:3)
  A swamp dragon (shapeshifter) (D:15)
  6 unseen horrors
  13 deep elf archers
  A shadow demon (Depths:3)
  7 hill giants
  2 wolf spider zombies (D:15)
  16 ironbrand convokers
  5 sea snakes
  14 orc knights
  6 phantasmal warriors
  A harpy (shapeshifter) (D:15)
  15 harpies
  An orb spider (shapeshifter) (D:15)
  4 wolf spiders
  8 orc sorcerers
  8 necromancers
  59 deep elf magi
  7 fauns (Shoals:3)
  14 mana vipers
  10 manticores
  16 slime creatures
  4 hornets
  45 ugly things
  A sphinx skeleton (Vaults:1)
  16 griffons
  9 cyclopes
  11 salamanders
  6 elephants (Lair:6)
  10 sirens
  A smoke demon (Depths:3)
  2 ice statues (IceCv)
  A torpor snail (Lair:2)
  4 water nymphs
  51 black mambas
  13 guardian serpents
  8 gargoyles
  23 naga magi
  10 vault sentinels
  2 spiny frogs (shapeshifter)
  9 spiny frogs
  6 centaur skeletons
  5 rime drakes
  A komodo dragon (shapeshifter) (Depths:2)
  8 freezing wraiths
  7 komodo dragons
  A hellwing (Depths:3)
  35 yaktaurs
  5 tengu conjurers
  14 ice devils
  2 queen bees (shapeshifter)
  2 trolls (shapeshifter)
  A wind drake (shapeshifter) (Vaults:2)
  A red devil (Depths:3)
  2 jumping spiders
  6 wind drakes
  12 merfolk
  2 polar bears
  9 trolls
  26 two-headed ogres
  2 polar bears (shapeshifter)
  8 boulder beetles
  6 dream sheep
  A raiju (shapeshifter) (Vaults:4)
  24 blink frogs
  3 meliai zombies
  A frost giant simulacrum (Vaults:5)
  A spriggan (shapeshifter) (Vaults:1)
  7 snapping turtles
  2 centaur simulacra (D:15)
  A spriggan (D:8)
  A tarantella (Vaults:3)
  5 redbacks
  4 shadows
  9 air elementals
  A hog (D:14)
  17 humans
  22 yaks
  3 wyverns
  A human (shapeshifter) (Elf:3)
  5 wraiths
  9 hippogriffs
  4 basilisks
  16 water elementals
  4 steam dragons
  Grum (D:8)
  A fire elemental (Elf:2)
  6 vampire mosquitoes
  An elf skeleton (Vaults:5)
  Menkaure (D:7)
  A hungry ghost (D:11)
  2 insubstantial wisps
  83 nagas
  3 wargs
  5 mottled dragons
  A soldier ant (D:15)
  12 water moccasins
  A hell hound (shapeshifter) (D:15)
  8 porcupines
  An ogre skeleton (Vaults:1)
  A meliai simulacrum (D:15)
  An eye of draining (shapeshifter) (Vaults:2)
  46 orc warriors
  A swamp drake (Lair:6)
  3 phantoms
  3 wasps
  7 ice beasts
  10 sky beasts
  A sky beast (shapeshifter) (Depths:2)
  2 necrophages (D:9)
  3 black bears
  An ettin simulacrum (Vaults:2)
  12 wolves
  3 eyes of draining
  6 boggarts
  22 centaurs
  2 human skeletons (Vaults:1)
  51 ogres
  6 big kobolds
  17 crocodiles
  A yaktaur skeleton (Vaults:1)
  13 giant frogs
  A gnoll sergeant (D:11)
  8 earth elementals
  A glowing shapeshifter simulacrum (Vaults:5)
  A human simulacrum (Vaults:1)
  A water moccasin skeleton (D:9)
  5 scorpions
  52 killer bees
  3 electric eels
  2 wights (D:15)
  6 howler monkeys
  3 centaur zombies
  13 crimson imps
  A wasp zombie (D:6)
  19 orc priests
  2 giant frog zombies
  2 iron imps (Depths:3)
  Crazy Yiuf (D:4)
  4 jellies
  5 quasits
  2 giant frog skeletons
  A gnoll shaman (D:8)
  8 hounds
  24 orc wizards
  9 iguanas
  Jessica (D:3)
  7 worker ants
  A killer bee zombie (D:8)
  3 hound skeletons
  A worker ant zombie (D:11)
  Robin (D:2)
  13 gnolls
  9 adders
  22 river rats
  6 shadow imps
  6 white imps
  5 ufetubi
  An adder zombie (D:9)
  An adder skeleton (D:6)
  A worm (D:2)
  2 dart slugs
  5 giant geckos
  80 orcs
  8 giant cockroaches
  9 goblins
  13 hobgoblins
  20 jackals
  46 kobolds
  8 quokkas
  9 bats
  7 giant newts
  A jackal skeleton (D:7)
  A quokka skeleton (D:4)
  3 rats
  2 plants (Shoals:3)
2121 creatures vanquished.

Vanquished Creatures (collateral kills)
  A bone dragon (Depths:5)
  A red draconian (Depths:5)
2 creatures vanquished.

Vanquished Creatures (others)
  A yaktaur captain (D:15)
  A two-headed ogre (Vaults:3)
  2 humans (D:14)
  An ogre (Vaults:3)
  A boggart (Vaults:3)
  A scorpion (D:14)
  9 ufetubi (IceCv)
  3 fungi
  7 plants
26 creatures vanquished.

Grand Total: 2149 creatures vanquished

Notes
Turn   | Place    | Note
-------+----------+-------------------------------------------
     0 | D:1      | inmateoo the Vine Stalker Fighter began the quest for the Orb.
     0 | D:1      | Reached XP level 1. HP: 11/11 MP: 2/2
   389 | D:1      | Reached skill level 2 in Long Blades
   389 | D:1      | Reached XP level 2. HP: 14/16 MP: 1/3
   676 | D:1      | Reached XP level 3. HP: 16/19 MP: 4/4
  1652 | D:2      | Gained mutation: Your natural rate of healing is unusually fast. [Vine Stalker growth]
  1652 | D:2      | Reached XP level 4. HP: 10/23 MP: 3/5
  1659 | D:2      | Reached skill level 3 in Long Blades
  1867 | D:3      | Found a faded altar of an unknown god.
  1886 | D:3      | Noticed an ice beast
  1907 | D:3      | Killed an ice beast
  1907 | D:3      | Reached XP level 5. HP: 19/28 MP: 6/6
  1914 | D:3      | Noticed Robin
  1953 | D:2      | Killed Robin
  1989 | D:3      | Reached XP level 6. HP: 29/32 MP: 7/7
  2138 | D:3      | Noticed Jessica
  2147 | D:3      | Killed Jessica
  2182 | D:3      | Reached skill level 4 in Long Blades
  2672 | D:4      | Reached skill level 1 in Evocations
  2746 | D:4      | Reached XP level 7. HP: 36/36 MP: 8/8
  2891 | D:4      | Found a runed door.
  3001 | D:4      | Noticed Crazy Yiuf
  3004 | D:4      | Killed Crazy Yiuf
  3039 | D:5      | Entered Level 5 of the Dungeon
  3444 | D:5      | Reached skill level 5 in Long Blades
  3710 | D:6      | Gained mutation: You have razor-sharp teeth. [Vine Stalker growth]
  3710 | D:6      | Reached XP level 8. HP: 42/42 MP: 10/10
  3763 | D:6      | Found a staircase to the Ecumenical Temple.
  4090 | Temple   | Entered the Ecumenical Temple
  4158 | Temple   | Became a worshipper of Warmaster Okawaru
  4424 | D:7      | Reached skill level 6 in Long Blades
  4473 | D:7      | Noticed Menkaure
  4478 | D:7      | Killed Menkaure
  4526 | D:7      | Got a jewelled leather armour
  4538 | D:7      | Identified the +2 leather armour of the Meadowlark {rF+ Str+5 Dex-2} (You found it on level 7 of the Dungeon)
  4542 | D:7      | Reached * piety under Okawaru
  4557 | D:7      | Reached XP level 9. HP: 46/46 MP: 12/12
  4578 | D:7      | Reached skill level 5 in Shields
  4644 | D:7      | Gained mutation: You are weak. (Str -2) [mutagenic meat]
  4650 | D:7      | Gained mutation: You expend magic power (3 MP) to strengthen your wands. [mutagenic meat]
  4653 | D:7      | Gained mutation: You possess an exceptional clarity of mind. [mutagenic meat]
  4656 | D:7      | Gained mutation: Your movements are slightly less encumbered by armour. (ER -2) [mutagenic meat]
  4659 | D:7      | Gained mutation: You are partially covered in rugged brown scales. (AC +1, +3% HP) [mutagenic meat]
  4686 | D:7      | Reached skill level 5 in Fighting
  4937 | D:7      | Found Yli Mul's Antique Weapon Shop.
  5023 | D:7      | Reached skill level 1 in Dodging
  5513 | D:8      | Reached skill level 7 in Long Blades
  5554 | D:8      | Reached skill level 5 in Armour
  5577 | D:8      | Noticed Grum
  5590 | D:8      | Reached ** piety under Okawaru
  5604 | D:8      | Killed Grum
  5857 | D:8      | Reached XP level 10. HP: 53/53 MP: 14/14
  6303 | D:9      | Reached skill level 8 in Long Blades
  6304 | D:9      | Reached *** piety under Okawaru
  6347 | D:9      | Gained mutation: Your system is resistant to poisons. (rPois) [mutagenic meat]
  6350 | D:9      | Lost mutation: You possess an exceptional clarity of mind. [mutagenic meat]
  6353 | D:9      | Gained mutation: Your mind is acute. (Int +2) [mutagenic meat]
  6356 | D:9      | Gained mutation: Your flesh is heat resistant. (rF+) [mutagenic meat]
  6795 | D:9      | Reached skill level 5 in Evocations
  6808 | D:9      | Reached **** piety under Okawaru
  6981 | D:9      | Found a staircase to the Orcish Mines.
  7128 | D:10     | Entered Level 10 of the Dungeon
  7299 | D:10     | Noticed a gargoyle
  7311 | D:10     | Killed a gargoyle
  7329 | D:10     | Reached skill level 9 in Long Blades
  7519 | D:10     | Reached XP level 11. HP: 59/59 MP: 16/16
  7774 | D:11     | Noticed a hill giant
  7802 | D:11     | Killed a hill giant
  7802 | D:11     | Reached ***** piety under Okawaru
  7913 | D:11     | Found a staircase to the Lair.
  7966 | D:11     | Received a gift from Okawaru
  8362 | D:12     | Killed an unseen horror
  8448 | D:12     | Reached skill level 10 in Long Blades
  8543 | D:12     | Received a gift from Okawaru
  8567 | D:12     | Reached skill level 5 in Dodging
  8633 | D:12     | Noticed a green ugly thing
  8634 | D:12     | Noticed a manticore
  8647 | D:12     | Killed a green ugly thing
  8662 | D:12     | Killed a manticore
  8726 | D:12     | Gained mutation: You heal very quickly. [Vine Stalker growth]
  8726 | D:12     | Reached XP level 12. HP: 58/64 MP: 17/17
  9214 | D:12     | Noticed a four-headed hydra
  9222 | D:12     | Killed a one-headed hydra
  9319 | Lair:1   | Entered Level 1 of the Lair of Beasts
  9320 | Lair:1   | Identified a scroll of acquirement
  9321 | Lair:1   | Got a pair of encrusted gloves
  9333 | Lair:1   | Identified the -1 pair of gloves of the Neverending Beds {rF+ rC- rCorr Str+4} (You acquired it on level 1 of the Lair of Beasts)
  9524 | Lair:1   | Reached ****** piety under Okawaru
  9773 | Lair:1   | Reached skill level 11 in Long Blades
 10328 | Lair:1   | Learned a level 2 spell: Repel Missiles
 10340 | Lair:1   | Learned a level 5 spell: Lightning Bolt
 10538 | Lair:2   | Found a staircase to the Snake Pit.
 10569 | Lair:2   | Reached skill level 1 in Invocations
 10665 | Lair:2   | Received a gift from Okawaru
 10665 | Lair:2   | Reached skill level 1 in Air Magic
 10673 | Lair:2   | Reached skill level 1 in Spellcasting
 10951 | Lair:2   | Reached XP level 13. HP: 71/71 MP: 19/19
 11444 | Lair:3   | Noticed Urug
 11454 | Lair:3   | Killed Urug
 11626 | Lair:3   | Received a gift from Okawaru
 11670 | Lair:3   | Found a staircase to the Shoals.
 12046 | Lair:3   | Learned a level 9 spell: Tornado
 12076 | Lair:4   | Received a gift from Okawaru
 12258 | Lair:4   | Reached skill level 12 in Long Blades
 12975 | Lair:5   | Found a viscous altar of Jiyva.
 12977 | Lair:5   | Found a staircase to the Slime Pits.
 13030 | Lair:5   | Found a white marble altar of Elyvilon.
 13492 | Lair:6   | Entered Level 6 of the Lair of Beasts
 13597 | Lair:6   | Received a gift from Okawaru
 13876 | Lair:6   | Reached XP level 14. HP: 77/77 MP: 21/21
 15614 | D:13     | Reached skill level 5 in Spellcasting
 15843 | D:14     | Noticed Rupert
 15917 | D:14     | Reached skill level 5 in Air Magic
 16100 | D:14     | Reached skill level 13 in Long Blades
 16111 | D:14     | Lost mutation: Your movements are slightly less encumbered by armour. (ER -2) [mutagenic meat]
 16120 | D:14     | Gained mutation: You are partially covered in thin metallic scales. (AC +2) [mutagenic meat]
 16123 | D:14     | Gained mutation: You have sharp toenails. [mutagenic meat]
 16142 | D:14     | Received a gift from Okawaru
 16266 | D:14     | Lost mutation: You expend magic power (3 MP) to strengthen your wands. [mutagenic meat]
 16316 | D:14     | Reached skill level 5 in Invocations
 16527 | D:14     | Noticed Kirke
 16537 | D:14     | Noticed a sphinx
 16537 | D:14     | Killed Kirke
 16562 | D:14     | Reached XP level 15. HP: 67/82 MP: 24/24
 16710 | D:14     | Reached skill level 10 in Fighting
 16846 | D:14     | Cast into level 2 of the Abyss (a wizard)
 16879 | Abyss:2  | Received a gift from Okawaru
 16882 | Abyss:2  | Got a bone double sword {god gift}
 16883 | Abyss:2  | Identified the +1 double sword of Dishonesty {slice, rPois SInv} (Okawaru gifted it to you on level 2 of the Abyss)
 16934 | D:14     | Escaped the Abyss
 16958 | D:14     | Found a gate to the Vaults.
 17164 | D:15     | Entered Level 15 of the Dungeon
 17298 | D:15     | Found a shadowy altar of Dithmenos.
 17300 | D:15     | Found a shimmering altar of Xom.
 17301 | D:15     | Found a hazy altar of Hepliaklqana.
 17465 | D:15     | Received a gift from Okawaru
 17477 | D:15     | Got an encrusted demon blade {god gift}
 17478 | D:15     | Identified the +9 demon blade of Naaw {elec, rF+} (Okawaru gifted it to you on level 15 of the Dungeon)
 17723 | D:15     | Received a gift from Okawaru
 18017 | D:15     | Received a gift from Okawaru
 18186 | D:15     | Reached XP level 16. HP: 85/88 MP: 27/27
 18228 | D:15     | Reached skill level 14 in Long Blades
 18615 | D:15     | Killed Rupert
 18684 | D:15     | Found a staircase to the Depths.
 18964 | Orc:1    | Entered Level 1 of the Orcish Mines
 19045 | Orc:1    | Found a flagged portal.
 19055 | Bailey   | Entered a bailey
 19166 | Bailey   | Found a burning altar of Makhleb.
 19950 | Orc:2    | Entered Level 2 of the Orcish Mines
 19956 | Orc:2    | Found a staircase to the Elven Halls.
 19968 | Orc:2    | Noticed Nergalle
 19978 | Orc:2    | Killed Nergalle
 19978 | Orc:2    | Reached skill level 10 in Armour
 19986 | Orc:2    | Found a roughly hewn altar of Beogh.
 20008 | Orc:2    | Received a gift from Okawaru
 20134 | Orc:2    | Found Qategepn's General Store.
 20137 | Orc:2    | Found Oduo's Antique Armour Boutique.
 20167 | Orc:2    | Bought a scroll of identify for 36 gold pieces
 20167 | Orc:2    | Bought a scroll of remove curse for 54 gold pieces
 20235 | Orc:2    | Found Nel Hu Amun's Jewellery Boutique.
 20351 | Orc:2    | Found a roughly hewn altar of Beogh.
 20398 | Orc:2    | Found Liufuec's Antique Weapon Boutique.
 20476 | Orc:2    | Found a roughly hewn altar of Beogh.
 20479 | Orc:2    | Noticed Donald
 20680 | Orc:2    | Killed Donald
 20694 | Orc:2    | Found Fofughaq's Magic Scroll Boutique.
 20727 | Orc:2    | Bought a scroll of recharging for 95 gold pieces
 20727 | Orc:2    | Bought a scroll of teleportation for 30 gold pieces
 20727 | Orc:2    | Bought a scroll of identify for 20 gold pieces
 20727 | Orc:2    | Bought a scroll of blinking for 75 gold pieces
 20867 | Orc:2    | Bought a runed hat for 108 gold pieces
 20867 | Orc:2    | Bought an ichor-stained ring mail for 243 gold pieces
 20867 | Orc:2    | Bought a translucent chain mail for 256 gold pieces
 20900 | Orc:2    | Identified the cursed +0 ring mail of the First Snow {MR+ SInv} (You bought it in a shop on level 2 of the Orcish Mines)
 20911 | Orc:2    | Identified the +5 chain mail of Noif {rC- Regen+ Int+3} (You bought it in a shop on level 2 of the Orcish Mines)
 21065 | Snake:1  | Entered Level 1 of the Snake Pit
 21126 | Snake:1  | Received a gift from Okawaru
 21145 | Snake:1  | Got a slimy quick blade {god gift}
 21148 | Snake:1  | Identified the +8 quick blade of Ewynaorr {drain, *Noise rF+ Int+2} (Okawaru gifted it to you on level 1 of the Snake Pit)
 21821 | Snake:1  | Received a gift from Okawaru
 21838 | Snake:1  | Reached XP level 17. HP: 93/93 MP: 30/30
 22310 | Snake:2  | Received a gift from Okawaru
 23145 | Snake:3  | Reached skill level 15 in Long Blades
 23232 | Snake:3  | Received a gift from Okawaru
 23881 | Snake:3  | Found Uqykh's Gadget Emporium.
 24098 | Snake:3  | Received a gift from Okawaru
 24105 | Snake:3  | Reached XP level 18. HP: 99/100 MP: 32/32
 24193 | Snake:3  | Reached skill level 10 in Dodging
 24652 | Snake:3  | Received a gift from Okawaru
 25023 | Snake:3  | Got a steaming ring mail {god gift}
 25024 | Snake:3  | Identified the +2 ring mail of the Neverending Souls {rElec} (Okawaru gifted it to you on level 3 of the Snake Pit)
 25135 | Snake:4  | Entered Level 4 of the Snake Pit
 25366 | Snake:4  | Reached skill level 10 in Spellcasting
 25432 | Snake:4  | Noticed Aizul
 25457 | Snake:4  | Killed Aizul
 25513 | Snake:4  | Reached skill level 16 in Long Blades
 25712 | Snake:4  | Received a gift from Okawaru
 26004 | Snake:4  | Found Kuushih's Antique Weapon Shoppe.
 26085 | Snake:4  | Reached XP level 19. HP: 103/105 MP: 34/34
 26580 | Snake:4  | Got a serpentine rune of Zot
 26805 | Shoals:1 | Entered Level 1 of the Shoals
 26805 | Shoals:1 | Found Qoykkis's Book Boutique.
 26817 | Shoals:1 | Bought a book of Enchantments for 700 gold pieces
 26824 | Shoals:1 | Learned a level 6 spell: Deflect Missiles
 26831 | Shoals:1 | Learned a level 6 spell: Haste
 27188 | Shoals:1 | Received a gift from Okawaru
 27189 | Shoals:1 | Reached skill level 1 in Charms
 27374 | Shoals:2 | Found a frozen archway.
 27421 | IceCv    | Entered an ice cave
 27754 | IceCv    | Got a warped helmet
 27768 | IceCv    | Identified the +2 helmet "Nusim" {Str+2} (You found it in an ice cave)
 28238 | Shoals:3 | Received a gift from Okawaru
 28761 | Shoals:4 | Entered Level 4 of the Shoals
 28761 | Shoals:4 | Noticed crawlian's ghost (journeyman DECj)
 28774 | Shoals:4 | Killed crawlian's ghost
 28780 | Shoals:4 | Noticed Ilsuiw
 28803 | Shoals:4 | Killed Ilsuiw
 28828 | Shoals:4 | Reached XP level 20. HP: 85/112 MP: 36/36
 28886 | Shoals:4 | Received a gift from Okawaru
 29086 | Shoals:4 | Reached skill level 17 in Long Blades
 29186 | Shoals:4 | Got a barnacled rune of Zot
 29303 | Shoals:4 | Noticed UnlimitedFusion's ghost (adept HEAE)
 29354 | Shoals:4 | Killed UnlimitedFusion's ghost
 29559 | Shoals:4 | Learned a level 2 spell: Passwall
 29565 | Shoals:4 | Learned a level 5 spell: Lee's Rapid Deconstruction
 29911 | Shoals:4 | Noticed Roxy's ghost (adept FoFi)
 29927 | Shoals:4 | Killed Roxy's ghost
 30165 | Vaults:1 | Entered Level 1 of the Vaults
 30655 | Vaults:1 | Received a gift from Okawaru
 31254 | Vaults:2 | Found a magical portal.
 31276 | WizLab   | Entered Doroklohe's Tomb
 31343 | WizLab   | Got a heavily runed hat
 31354 | WizLab   | Identified the +1 hat "Xeuczeto" {SInv} (You found it in a wizard's laboratory)
 31404 | WizLab   | Noticed an electric golem
 31418 | WizLab   | Killed an electric golem
 31809 | Vaults:2 | Received a gift from Okawaru
 31918 | Vaults:2 | Reached skill level 5 in Charms
 32064 | Vaults:2 | Found Fiux's Armour Emporium.
 32074 | Vaults:2 | Reached XP level 21. HP: 117/117 MP: 38/38
 32281 | Vaults:2 | Reached skill level 10 in Shields
 32966 | Vaults:3 | Found a staircase to the Crypt.
 33107 | Vaults:3 | Received a gift from Okawaru
 33604 | Vaults:3 | Reached skill level 18 in Long Blades
 33708 | Vaults:3 | Noticed Jory
 33722 | Vaults:3 | Killed Jory
 34117 | Vaults:4 | Found Amehuut's Food Shop.
 34209 | Vaults:4 | Received a gift from Okawaru
 34295 | Vaults:4 | Reached XP level 22. HP: 116/123 MP: 37/39
 34912 | Vaults:4 | Received a gift from Okawaru
 35339 | Depths:1 | Entered Level 1 of the Depths
 35339 | Depths:1 | Found Soeven's One-of-a-Kind Books.
 35842 | Depths:1 | Found a gateway to Hell.
 36090 | Depths:2 | Received a gift from Okawaru
 36332 | Depths:2 | Received a gift from Okawaru
 36348 | Depths:2 | Got a crude long sword {god gift}
 36350 | Depths:2 | Identified the +2 long sword of Okawaru's Whim {slice, rPois} (Okawaru gifted it to you on level 2 of the Depths)
 36420 | Depths:2 | Found a gateway to a ziggurat.
 36846 | Depths:2 | Noticed an ancient lich
 36877 | Depths:2 | Killed an ancient lich
 36942 | Depths:2 | Learned a level 8 spell: Controlled Blink
 37195 | Depths:3 | Received a gift from Okawaru
 37260 | Depths:3 | Reached skill level 1 in Translocations
 37527 | Depths:3 | Found a one-way gate leading to the halls of Pandemonium.
 37664 | Depths:3 | Reached XP level 23. HP: 128/128 MP: 41/41
 38036 | Depths:3 | Reached skill level 19 in Long Blades
 38484 | Depths:4 | Noticed a caustic shrike
 38484 | Depths:4 | Noticed a caustic shrike
 38484 | Depths:4 | Noticed a golden dragon
 38492 | Depths:4 | Killed a golden dragon
 38507 | Depths:4 | Received a gift from Okawaru
 38515 | Depths:4 | Noticed a caustic shrike
 38516 | Depths:4 | Noticed a caustic shrike
 38529 | Depths:4 | Killed a caustic shrike
 38538 | Depths:4 | Killed a caustic shrike
 38538 | Depths:4 | Reached skill level 5 in Translocations
 38557 | Depths:4 | Killed a caustic shrike
 38564 | Depths:4 | Killed a caustic shrike
 38581 | Depths:4 | Noticed a juggernaut
 38596 | Depths:4 | Killed a juggernaut
 39098 | Depths:4 | Reached XP level 24. HP: 133/133 MP: 41/41
 39241 | Depths:4 | Found a one-way gate to the infinite horrors of the Abyss.
 39673 | Depths:5 | Entered Level 5 of the Depths
 39750 | Depths:5 | Received a gift from Okawaru
 40079 | Depths:5 | Reached skill level 15 in Fighting
 40125 | Depths:5 | Found a gate to the Realm of Zot.
 40211 | Depths:5 | Found a shattered altar of Ashenzari.
 40821 | Elf:1    | Entered Level 1 of the Elven Halls
 40993 | Elf:1    | Received a gift from Okawaru
 41012 | Elf:1    | Got a pitted double sword {god gift}
 41015 | Elf:1    | Identified the +7 double sword "Ugriamp" {flame, MR+} (Okawaru gifted it to you on level 1 of the Elven Halls)
 41068 | Elf:1    | Found Toptej's Weapon Emporium.
 41726 | Elf:2    | Found a flickering gateway to a bazaar.
 41774 | Elf:2    | Noticed Roxanne
 41776 | Bazaar   | Entered a bazaar
 41776 | Bazaar   | Found Woczoatigi's Antique Weapon Shop.
 41776 | Bazaar   | Found Bokaakau's Antique Armour Shop.
 41788 | Bazaar   | Found Onenkomi's General Store.
 41798 | Bazaar   | Bought a potion of beneficial mutation for 280 gold pieces
 41811 | Bazaar   | Bought an embroidered cloak for 108 gold pieces
 41811 | Bazaar   | Bought a pair of distressingly furry gloves for 228 gold pieces
 41826 | Bazaar   | Identified the +0 pair of gloves of Mysticism {rC+} (You bought it in a shop in a bazaar)
 41899 | Elf:2    | Killed Roxanne
 41900 | Elf:2    | Identified Roxanne's Volume of the Tuna (You took it off Roxanne on level 2 of the Elven Halls)
 41959 | Elf:2    | Found a runed gate.
 41959 | Elf:2    | Found a runed gate.
 41962 | Elf:2    | Found a runed gate.
 42114 | Elf:2    | Received a gift from Okawaru
 42226 | Elf:3    | Entered Level 3 of the Elven Halls
 42413 | Elf:3    | Reached XP level 25. HP: 139/140 MP: 42/42
 42501 | Elf:3    | Reached skill level 20 in Long Blades
 42530 | Elf:3    | Received a gift from Okawaru
 42757 | Elf:3    | Learned a level 1 spell: Apportation
 42764 | Elf:3    | Learned a level 3 spell: Regeneration
 42806 | Elf:3    | Identified the +10 pearl dragon armour "Dususuha" {rN+ Int+2 Slay+2} (You found it on level 3 of the Elven Halls)
 43042 | Elf:3    | Noticed Louise
 43055 | Elf:3    | Killed Louise
 43083 | Elf:3    | Noticed Jorgrun
 43093 | Elf:3    | Killed Jorgrun
 43425 | Elf:3    | Noticed Saint Roka
 43434 | Elf:3    | Noticed Nikola
 43445 | Elf:3    | Killed Saint Roka
 43445 | Elf:3    | Reached skill level 10 in Translocations
 43495 | Elf:3    | Killed Nikola
 43948 | Vaults:5 | Entered Level 5 of the Vaults
 44157 | Vaults:5 | Reached skill level 10 in Charms
 44240 | Vaults:5 | Noticed an ancient lich
 44260 | Vaults:5 | Killed an ancient lich
 44335 | Vaults:5 | Noticed an ancient lich
 44349 | Vaults:5 | Killed from afar by a storm dragon

Vault maps used:
D:1:      lemuel_arrival_tunnels
D:2:      minmay_wonky_spiral
D:3:      ecumenical_altar_1, uniq_jessica, uniq_robin
D:4:      first_bread, kennysheep_generic_room_9, uniq_crazy_yiuf_cottage
D:7:      old_forge, serial_shops, shop, uniq_menkaure
D:8:      grunt_pizzeria, uniq_grum
D:9:      orc_0_dummy, hangedman_misty_isle
D:11:     erik_lair_orcish_takeover
D:14:     grunt_vaults_entry_tiered, minivault_19, uniq_rupert, uniq_kirke
D:15:     hangedman_slaughterboxes, serial_shops
Temple:   minmay_crystal_snake_temple
Lair:1:   wad_woods_minihive, beast_lair_carwin_7, serial_bayou_shore_b,
          serial_bayou_shore_b, grunt_megastairs_3, lemuel_fruit_fields,
          serial_bayou_shore_b, infiniplex_staircase_pool
Lair:2:   guppyfry_snake_entry_island
Lair:3:   minmay_shoals_entry_beasts, infiniplex_staircase_pool_2,
          serial_bayou_shore_b, grunt_megastairs_5, uniq_urug
Lair:5:   slime_altar_1, basic_altar, serial_bayou_shore_b, serial_bayou_shore_a
Lair:6:   guppyfry_lair_end_dragon, nicolae_quartered_pool_super
Shoals:1: serial_shops, nicolae_shop_statue_plus
Shoals:2: portal_ice_cave_entry_pillars_three
Shoals:4: shoals_end_grunt_ice, shoals_ilsuiw_ice
Snake:3:  nicolae_snake_hallway, serial_shops, shop,
          hangedman_snake_sidewinding, lemuel_fruit_tree
Snake:4:  grunt_snake_rune_serpentine_throne, serial_shops,
          nicolae_shop_competitors_out_of_business, uniq_aizul
Orc:1:    enter_bailey_8, nicolae_orc_tapped_out
Orc:2:    grunt_orc_cross, special_room, basic_altar, serial_shops,
          nicolae_shop_stone, kennysheep_orc_chapel, uniq_donald
Elf:1:    eino_elf_arrival_sip, serial_shops, nicolae_shop_crystal,
          hangedman_elven_crosses_minicolossus, st_stairs_7
Elf:2:    serial_shops, bzr_entry_water, nicolae_elf_big_sculpture_3,
          uniq_roxanne
Elf:3:    minmay_elf_hall_four_x, uniq_saint_roka, uniq_jorgrun, uniq_nikola,
          uniq_louise
Vaults:1: nicolae_vaults_angled_halls, v_misc_2, nicolae_vaults_alarming,
          nicolae_vaults_network_square, vaults_room_fours,
          nicolae_vaults_little_squares_5, ontoclasm_vaults_ligature,
          vaults_dpeg_encased_lava, vaults_dpeg_hooks, serial_ice_b, v_misc_1,
          vaults_room_door_hall, v_misc_19
Vaults:2: vaults_mumra_minichess, v_misc_11, vaults_room_pools,
          hangedman_vaults_variations, st_quartered_hall, v_misc_16,
          ontoclasm_vaults_chip, serial_ice_g, nicolae_vaults_asterisk,
          nicolae_vaults_yaktaur_gun_rack, infiniplex_enter_wizlab_water,
          serial_shops, shop
Vaults:3: minmay_crypt_entry_simple_statues, ontoclasm_vaults_fault, v_rooms_3,
          hangedman_vaults_slither, ontoclasm_vaults_gateway, vaults_room_boxed,
          nicolae_vaults_display_case, vaults_standard_mumra_enter_the_diamond,
          nicolae_vaults_what_the_h, uniq_jory
Vaults:4: nicolae_vaults_network_s, ontoclasm_vaults_gallery,
          vaults_room_ringed_pool, v_misc_12, nicolae_vaults_rhombus_5,
          nicolae_vaults_angled_halls, vaults_room_large_hall, v_pattern_4,
          nicolae_vaults_triangles, vaults_dpeg_cross, vaults_room_corners,
          vaults_dpeg_ring, grunt_vaults_funnel, serial_shops,
          nicolae_shop_trees
Vaults:5: uniq_margery
Depths:1: hell_entry, nrook_uturn, nicolae_lava_and_water, minivault_16,
          serial_sigils_hangedman_shear, nicolae_rare_books
Depths:2: minmay_guarded_unrand_majin_bo, enter_ziggurat_e,
          hangedman_abyss_or_decor_stagger, pf_coc_iceberg, firewood_loft
Depths:3: minmay_quarter_circles, grunt_pan_entry_zigzag, hangedman_geh_valley,
          kennysheep_donut, minmay_misc_feat_pillars
Depths:4: grunt_arcs, roderic_roman_lattice, hell_entry, abyss_entry
Depths:5: grunt_zot_entry_funnels, hell_entry, evilmike_ruin_ashenzari
Bazaar:   bazaar_jpeg_cross
Bailey:   bailey_axe_3, bailey
IceCv:    ice_cave_small_demon
WizLab:   wizlab_doroklohe

Skill      XL: |  1  2  3  4  5  6  7  8  9 10 11 12 13 14 15 16 17 18 19 20 21 22 23 24 25 |
---------------+----------------------------------------------------------------------------+-----
Long Blades    | 2 3 4 5 6 7 9 10 11 12 13 14 15 16 17 18 19 20 | 20.3
Shields        | 3 4 5 7 8 9 10 11 12 | 12.7
Fighting       | 3 4 5 6 7 8 9 10 11 12 13 14 15 | 15.5
Armour         | 3 4 5 6 7 8 9 10 11 12 13 14 | 14.3
Evocations     | 1 2 3 4 5 6 7 |  7.1
Dodging        | 2 3 5 6 7 8 9 10 11 12 13 | 13.8
Invocations    | 2 4 5 7 |  7.8
Air Magic      | 2 4 5 7 8 |  8.0
Spellcasting   | 1 4 5 7 8 9 10 11 12 13 14 | 14.5
Charms         | 2 5 6 7 8 9 10 | 10.0
Translocations | 2 6 9 10 | 10.8

Action                   |  1- 3 |  4- 6 |  7- 9 | 10-12 | 13-15 | 16-18 | 19-21 | 22-24 | 25-27 || total
-------------------------+-------+-------+-------+-------+-------+-------+-------+-------+-------++-------
Melee: Long sword        |    90 |   208 |   364 |   256 |       |       |       |       |       ||   918
       Bite              |    19 |    59 |   131 |   334 |   577 |   603 |   953 |   900 |   233 ||  3809
       Dagger            |    10 |       |       |       |       |       |       |       |       ||    10
       Falchion          |       |       |       |   715 |   666 |       |       |       |       ||  1381
       Scimitar          |       |       |       |    47 |   401 |    46 |       |       |       ||   494
       Double sword      |       |       |       |       |   167 |       |       |    46 |     7 ||   220
       Demon blade       |       |       |       |       |   153 |  1503 |  2039 |  1793 |   474 ||  5962
       Morningstar       |       |       |       |       |       |    14 |    18 |       |    11 ||    43
Throw: Tomahawk          |       |       |       |       |       |    22 |       |       |       ||    22
 Cast: Repel Missiles    |       |       |       |       |     2 |    14 |    11 |     3 |     2 ||    32
Invok: Heroism           |       |       |     1 |     4 |    13 |     8 |     8 |     7 |     5 ||    46
       Finesse           |       |       |       |       |       |     3 |     4 |     2 |     2 ||    11
 Abil: Evoke Berserk Rag |       |       |     1 |       |       |       |       |       |       ||     1
Evoke: Wand              |     1 |     2 |     2 |       |     4 |     3 |     4 |     1 |     1 ||    18
  Use: Scroll            |     6 |     3 |     9 |     7 |    14 |     9 |     9 |     7 |     6 ||    70
       Potion            |       |       |       |     1 |       |     2 |     2 |     1 |     2 ||     8
 Stab: Distracted        |       |     1 |       |       |       |     1 |       |     1 |       ||     3
       Sleeping          |       |       |     1 |     1 |     3 |     1 |     1 |       |       ||     7
       Invisible         |       |       |       |       |       |     2 |       |       |       ||     2
  Eat: Chunk             |     2 |     4 |    18 |    10 |    28 |     5 |     2 |     4 |       ||    73
       Beef jerky        |       |       |       |     2 |       |     3 |     1 |     2 |       ||     8
       Pizza             |       |       |       |     5 |     2 |     4 |       |     1 |       ||    12
       Fruit             |       |       |       |     6 |     2 |    12 |       |     5 |       ||    25
       Meat ration       |       |       |       |       |       |       |     5 |     3 |     1 ||     9
       Royal jelly       |       |       |       |       |       |       |       |     2 |       ||     2
Armor: Scale mail        |    42 |    88 |       |       |       |       |       |       |       ||   130
       Plate armour      |       |    10 |    99 |       |       |       |       |       |       ||   109
       Leather armour    |       |       |    42 |   184 |   154 |   133 |   142 |       |       ||   655
       Skin              |       |       |       |    23 |       |       |       |       |       ||    23
       Gold dragon armou |       |       |       |       |       |       |   275 |   503 |   102 ||   880
Dodge: Dodged            |    34 |    65 |    72 |   577 |   688 |   920 |   923 |   631 |   168 ||  4078
       Deflected         |       |       |       |       |     3 |    46 |    41 |    16 |     5 ||   111
Block: Shield            |    51 |   117 |   145 |   444 |   495 |   696 |   908 |   752 |   179 ||  3787
